 Dungeon Sprint DCSS version 0.30.1-11-g7821555f0a (webtiles) character file.

Game seed: 5970072933934777873

12302 Groucho the Eclecticist (level 11, -26/63 HPs)
             Began as a Deep Elf Earth Elementalist on Jan 5, 2024.
             Was the Champion of Sif Muna.
             Annihilated by Donald
             ... wielding a +2 double sword of holy wrath
              (36 damage)
             ... in the Dungeon (Sprint VII: "The Pits").
             The game lasted 00:18:22 (9862 turns).

Groucho the Eclecticist (DEEE)                      Turns: 9862, Time: 00:18:22

Health: -26/63     AC:  2    Str:  5    XL:     11   Next: 60%
Magic:  7/33       EV: 12    Int: 25    God:    Sif Muna [******]
Gold:   74         SH:  0    Dex: 15    Spells: 13/42 levels left

rFire   . . .        (no weapon)
rCold   . . .        (no shield)
rNeg    . . .        a - +0 robe
rPois   .            (no helmet)
rElec   .            (no cloak)
rCorr   .            (no gloves)
SInv    .            (no boots)
Will    +....        (no amulet)
Stlth   +++          (no ring)
HPRegen 0.30/turn    (no ring)
MPRegen 0.23/turn

%: no teleportation
@: channelling, studying Dodging
A: no striking features
a: Renounce Religion, Channel Magic, Forget Spell, Divine Exegesis


You were in the Dungeon.
You worshipped Sif Muna.
Sif Muna was exalted by your worship.
You visited 1 branch You collected 74 gold pieces.

Inventory:

Hand Weapons
 h - a +2 dagger
 l - a +2 rapier of holy wrath
 o - a +2 rapier of electrocution
Armour
 a - a +0 robe (worn)
 p - a +0 helmet
 q - a +0 pair of boots
Jewellery
 m - a +3 ring of dexterity
 n - a +3 ring of strength
 v - a ring of willpower
 x - a ring of protection from cold
Wands
 t - a wand of iceblast (8)
 w - a wand of charming (4)
Scrolls
 g - 5 scrolls of blinking
 j - 5 scrolls of amnesia
 k - a scroll of butterflies
 y - 2 scrolls of identify
 z - 2 scrolls of fear
 B - 2 scrolls of enchant armour
Potions
 b - 5 potions of magic
 c - 9 potions of curing
 d - 9 potions of heal wounds
 e - 2 potions of haste
 f - 3 potions of berserk rage
 i - 2 potions of invisibility
 r - 5 potions of brilliance
 s - a potion of might
 u - 3 potions of flight
 A - a potion of resistance


   Skills:
 - Level 5.0 Fighting
 - Level 5.0 Short Blades
 - Level 2.4 Dodging
 - Level 7.0 Stealth
 + Level 16.3 Spellcasting
 + Level 15.2 Conjurations
 + Level 8.6 Necromancy
 + Level 12.9 Transmutations
 + Level 14.7 Earth Magic
 - Level 10.0 Invocations


You had 13 spell levels left.
You knew the following spells:

 Your Spells              Type           Power      Damage    Failure   Level
a - Sandblast             Erth           100%       2d20      0%          1
b - Stone Arrow           Conj/Erth      100%       3d13      0%          3
c - Petrify               Tmut/Erth      74%        N/A       1%          4
d - Irradiate             Conj/Tmut      37%        3d24      1%          5
e - Borgnjor's Vile Clut  Necr/Erth      34%        N/A       1%          5
f - Lee's Rapid Deconstr  Erth           38%        3d19*     1%          5
g - Statue Form           Tmut/Erth      49%        N/A       1%          6

Your spell library contained the following spells:

 Spells                   Type           Power      Damage    Failure   Level
 Magic Dart               Conj           100%       1d8       0%          1
 Passwall                 Tmut/Erth      61%        N/A       0%          2
 Searing Ray              Conj           100%       2d8       0%          2
 Shock                    Conj/Air       100%       1d9       1%          1
 Momentum Strike          Conj/Tloc      100%       3d10      1%          2
 Static Discharge         Conj/Air       100%       2-7/arc   1%          2
 Hailstorm                Conj/Ice       55%        3d12      1%          3
 Ice Form                 Ice/Tmut       51%        N/A       1%          4
 Leda's Liquefaction      Hex/Erth       27%        N/A       1%          4
 Sticky Flame             Conj/Fire      55%        2d7       1%          4
 Blade Hands              Tmut           35%        N/A       1%          5
 Iskenderun's Battlesphe  Conj           77%        2d13      1%          5
 Slow                     Hex            80%        N/A       2%          1
 Poisonous Vapours        Pois/Air       40%        N/A       3%          2
 Arcjolt                  Conj/Air       27%        1d37      3%          5
 Alistair's Intoxication  Tmut/Pois      34%        N/A       4%          5
 Orb of Destruction       Conj           38%        9d11      4%          7
 Portal Projectile        Hex/Tloc       40%        N/A       8%          3
 Tukima's Dance           Hex            20%        N/A       8%          3
 Freezing Cloud           Conj/Ice/Air   22%        6-21      9%          5
 Dragon Form              Tmut           35%        N/A       11%         7
 Olgreb's Toxic Radiance  Pois           20%        N/A       26%         4
 Summon Ice Beast         Ice/Summ       20%        N/A       26%         4
 Eringya's Noxious Bog    Tmut/Pois      25%        N/A       28%         6
 Simulacrum               Ice/Necr       21%        N/A       54%         6
 Spellforged Servitor     Conj/Summ      27%        N/A       67%         7
 Shatter                  Erth           38%        3d30*     99%         9


Dungeon Overview and Level Annotations

Branches:
Dungeon (1/1)

Altars:
Ashenzari
Cheibriados
Dithmenos
Elyvilon
Fedhas
Gozag
Hepliaklqana
Kikubaaqudgha
Makhleb
Nemelex Xobeh
Okawaru
Qazlal
Ru
Sif Muna
Trog
Uskayaw
Vehumet
Wu Jian
Xom
Yredelemnul
Zin
The Shining One
Jiyva
Lugonu

Annotations:
D Donald


Message History

Unknown command.
Casting: Stone Arrow (safe; 0% risk of failure)
Confirm with . or Enter, or press ? or * to list all spells.
Aiming: Borgnjor's Vile Clutch (dangerous; 1% risk of failure)
Press: ? - help, Shift-Dir - straight line, f/p - Donald
Aim: Donald, wielding a +2 double sword of holy wrath, wearing a +8 chain mail of ponderousness and wearing a +0 kite shield (severely wounded, fast, strong, 100% to hit)
Zombie hands grab Donald.
The zombie hands constrict Donald, but do no damage.
Donald hits you with a +2 double sword of holy wrath!
Unknown command.
The zombie hands constrict Donald.
Donald struggles to escape constriction. x2
Casting: Borgnjor's Vile Clutch (dangerous; 1% risk of failure)
Confirm with . or Enter, or press ? or * to list all spells.
You don't have enough magic to cast this spell.
Unknown command.
Unknown command.
Unknown command.
The zombie hands constrict Donald.
Donald struggles to escape constriction.
Casting: Borgnjor's Vile Clutch (dangerous; 1% risk of failure)
Confirm with . or Enter, or press ? or * to list all spells.
Aiming: Stone Arrow (safe; 0% risk of failure)
Press: ? - help, Shift-Dir - straight line, f/p - Donald
Aim: Donald, wielding a +2 double sword of holy wrath, wearing a +8 chain mail of ponderousness and wearing a +0 kite shield (severely wounded, fast, strong, constricted by zombie hands, 100% to hit)
Donald blocks the stone arrow.
The zombie hands constrict Donald.
Donald escapes!
Unknown command.
Casting: Stone Arrow (safe; 0% risk of failure)
Confirm with . or Enter, or press ? or * to list all spells.
Aiming: Borgnjor's Vile Clutch (dangerous; 1% risk of failure)
Press: ? - help, Shift-Dir - straight line, f/p - Donald
Aim: Donald, wielding a +2 double sword of holy wrath, wearing a +8 chain mail of ponderousness and wearing a +0 kite shield (severely wounded, fast, strong, 100% to hit)
Zombie hands grab Donald.
The zombie hands constrict Donald.
Donald hits you with a +2 double sword of holy wrath!!
* * * LOW HITPOINT WARNING * * *
Donald hits you with a +2 double sword of holy wrath!!!
Ouch! That really hurt!
You die...

#++############
#..............
#...@@.........
#..############
#..# #).# ####
#..# #..# #..#
#..# #.[# '..#
#..#
'..##########..#


You could see Donald (fast, strong, clutched).

Vanquished Creatures
  A merfolk javelineer (D)
  A hydra (D)
  A death yak (D)
  A vampire mage (D)
  A shadow wraith (D)
  A fire crab (D)
  A sea snake (D)
  A lindwurm (D)
  Pikel (D)
  A deep elf pyromancer (D)
  A deep elf zephyrmancer (D)
  2 cyclopes (D)
  A cane toad (D)
  An unseen horror (D)
  A gargoyle (D)
  A kobold demonologist (D)
  2 merfolk (D)
  4 tarantellas (D)
  A tyrant leech (D)
  2 snapping turtles (D)
  5 dream sheep (D)
  A shadow (D)
  2 ynoxinuls (D)
  A steam dragon (D)
  Eustachio (D)
  A redback (D)
  An acid dragon (D)
  2 water moccasins (D)
  An orc warrior (D)
  7 wolves (D)
  A lemure (D)
  2 crimson imps (D)
  A quasit (D)
  An orc wizard (D)
  A mummy (D)
  5 gnolls (D)
  2 adders (D)
  2 river rats (D)
  2 white imps (D)
  3 orcs (D)
  A ball python (D)
  A hobgoblin (D)
  6 jackals (D)
  2 quokkas (D)
  2 bats (D)
  2 goblins (D)
  2 rats (D)
84 creatures vanquished.

Vanquished Creatures (others)
  A giant cockroach (D)
1 creature vanquished.

Grand Total: 85 creatures vanquished

Notes
Turn   | Place    | Note
-------+----------+-------------------------------------------
     0 | D        | Groucho the Deep Elf Earth Elementalist began the quest for
                  | the Orb.
     0 | D        | Reached XP level 1. HP: 10/10 MP: 6/6
    34 | D        | Found a glowing golden altar of the Shining One.
    34 | D        | Found a glowing silver altar of Zin.
    34 | D        | Found a basalt altar of Yredelemnul.
    34 | D        | Found a shimmering altar of Xom.
    34 | D        | Found an ornate altar of the Wu Jian Council.
    34 | D        | Found a bloodstained altar of Trog.
    34 | D        | Found a shimmering blue altar of Sif Muna.
    34 | D        | Found a sacrificial altar of Ru.
    34 | D        | Found a stormy altar of Qazlal.
    34 | D        | Found an iron altar of Okawaru.
    34 | D        | Found a sparkling altar of Nemelex Xobeh.
    34 | D        | Found a burning altar of Makhleb.
    34 | D        | Found a viscous altar of Jiyva.
    34 | D        | Found a hazy altar of Hepliaklqana.
    34 | D        | Found an opulent altar of Gozag.
    34 | D        | Found a blossoming altar of Fedhas.
    34 | D        | Found a white marble altar of Elyvilon.
    34 | D        | Found a shadowy altar of Dithmenos.
    34 | D        | Found a snail-covered altar of Cheibriados.
    35 | D        | Found a radiant altar of Vehumet.
    35 | D        | Found a corrupted altar of Lugonu.
    36 | D        | Found an ancient bone altar of Kikubaaqudgha.
    36 | D        | Found a hide-covered altar of Uskayaw.
    36 | D        | Found a broken altar of Ashenzari.
    37 | D        | Became a worshipper of Sif Muna the Loreminder
    50 | D        | Reached XP level 2. HP: 15/15 MP: 5/8
    53 | D        | Reached skill level 4 in Spellcasting
   303 | D        | Reached * piety under Sif Muna
   306 | D        | Reached skill level 5 in Earth Magic
   315 | D        | Reached ** piety under Sif Muna
   345 | D        | Noticed a water moccasin
   348 | D        | Reached XP level 3. HP: 18/19 MP: 7/11
   356 | D        | Killed a water moccasin
   357 | D        | Reached skill level 6 in Spellcasting
   357 | D        | Reached XP level 4. HP: 16/24 MP: 2/14
   357 | D        | Reached XP level 5. HP: 19/28 MP: 2/16
   642 | D        | Noticed a lemure
   653 | D        | Reached *** piety under Sif Muna
   658 | D        | Learned a level 3 spell: Stone Arrow
   663 | D        | Learned a level 4 spell: Petrify
   688 | D        | Noticed Pikel
   692 | D        | Noticed a lemure
   694 | D        | Noticed a lemure
   704 | D        | Killed a lemure
   705 | D        | Killed Pikel
   706 | D        | Reached skill level 8 in Spellcasting
   706 | D        | Reached skill level 5 in Transmutations
   706 | D        | Reached XP level 6. HP: 17/32 MP: 2/19
   706 | D        | Reached XP level 7. HP: 19/36 MP: 2/21
  1049 | D        | Reached **** piety under Sif Muna
  1050 | D        | Reached skill level 9 in Spellcasting
  1050 | D        | Reached skill level 10 in Conjurations
  1241 | D        | Reached skill level 1 in Invocations
  1242 | D        | Noticed a tarantella
  1247 | D        | Killed a tarantella
  1248 | D        | Reached skill level 5 in Short Blades
  1522 | D        | Reached ***** piety under Sif Muna
  1523 | D        | Reached XP level 8. HP: 42/42 MP: 16/23
  1523 | D        | Received a gift from Sif Muna
  1526 | D        | Got Sif Muna's Dissertation on Volcanic Violence {god gift}
  1533 | D        | Learned a level 5 spell: Irradiate
  1910 | D        | Noticed a deep elf zephyrmancer
  1912 | D        | Killed a deep elf zephyrmancer
  1913 | D        | Reached skill level 10 in Spellcasting
  1913 | D        | Reached skill level 10 in Earth Magic
  2157 | D        | Reached skill level 5 in Invocations
  2168 | D        | Received a gift from Sif Muna
  2169 | D        | Got Ostoffup's Directory of Sinister Traumaturgy {god gift}
  2426 | D        | Noticed a tarantella
  2431 | D        | Killed a tarantella
  2432 | D        | Reached skill level 11 in Spellcasting
  2946 | D        | Noticed a tyrant leech
  2951 | D        | Reached XP level 9. HP: 51/51 MP: 19/26
  2956 | D        | Killed a tyrant leech
  3485 | D        | Noticed a kobold demonologist
  3489 | D        | Killed a kobold demonologist
  3490 | D        | Reached skill level 12 in Spellcasting
  3589 | D        | Received a gift from Sif Muna
  3596 | D        | Noticed a deep elf pyromancer
  3598 | D        | Killed a deep elf pyromancer
  3869 | D        | Noticed a gargoyle
  3873 | D        | Reached skill level 5 in Fighting
  3875 | D        | Killed a gargoyle
  4195 | D        | Reached skill level 13 in Spellcasting
  4195 | D        | Reached XP level 10. HP: 46/59 MP: 22/29
  4437 | D        | Noticed a death yak
  4452 | D        | Killed a death yak
  4452 | D        | Reached ****** piety under Sif Muna
  4453 | D        | Reached skill level 10 in Transmutations
  4874 | D        | Noticed a seven-headed hydra
  4904 | D        | Killed a seven-headed hydra
  4904 | D        | Received a gift from Sif Muna
  4905 | D        | Got Sif Muna's Volume of Reconstruction and Glaciation {god
                  | gift}
  5047 | D        | Learned a level 5 spell: Borgnjor's Vile Clutch
  5064 | D        | Reached skill level 1 in Necromancy
  5440 | D        | Noticed Eustachio
  5442 | D        | Noticed a fire crab
  5443 | D        | Noticed a sea snake
  5507 | D        | Killed Eustachio
  5813 | D        | Killed a sea snake
  5814 | D        | Reached skill level 14 in Spellcasting
  5911 | D        | Killed a fire crab
  6415 | D        | Noticed a cane toad
  6690 | D        | Killed a cane toad
  6999 | D        | Reached skill level 10 in Invocations
  7315 | D        | Received a gift from Sif Muna
  7317 | D        | Reached skill level 5 in Necromancy
  7318 | D        | Reached XP level 11. HP: 63/63 MP: 10/31
  7318 | D        | Got Sif Muna's Cyclopedia of the Unlucky Assassin {god
                  | gift}
  7443 | D        | Killed a shadow wraith
  7444 | D        | Reached skill level 15 in Spellcasting
  7960 | D        | Noticed a merfolk javelineer
  7965 | D        | Killed a merfolk javelineer
  8216 | D        | Received a gift from Sif Muna
  8224 | D        | Learned a level 5 spell: Lee's Rapid Deconstruction
  8232 | D        | Learned a level 6 spell: Statue Form
  8810 | D        | Received a gift from Sif Muna
  8811 | D        | Reached skill level 16 in Spellcasting
  9325 | D        | Noticed a vampire mage
  9325 | D        | Noticed a lindwurm
  9332 | D        | Killed a vampire mage
  9333 | D        | Reached skill level 15 in Conjurations
  9334 | D        | Killed a lindwurm
  9844 | D        | Noticed Donald
  9862 | D        | Annihilated by Donald

Illustrated notes

Levels and vault maps discovered:
D:        pitsprint [storerooms_1, entrance_room_1, metal_vault_7, armoury_2,
          mini_pit_1, grid_room_1, main_hall_1, silver_pit, the_coven_3,
          the_vestibule_1, steel_vault_2, golden_pit, hallway_of_sentries,
          crystal_vault_2, iron_vault_4, final_vault]

Skill      XL: |  1  2  3  4  5  6  7  8  9 10 11 |
---------------+----------------------------------+-----
Conjurations   | 2 4 6 9 10 11 12 14 15 | 15.2
Earth Magic    | 4 5 7 9 10 12 13 14 | 14.7
Spellcasting   | 4 6 8 9 11 13 14 16 | 16.3
Short Blades   | 4 5 |  5.0
Stealth        | 6 7 |  7.0
Transmutations | 5 6 7 9 11 12 | 12.9
Invocations    | 3 5 8 10 | 10.0
Fighting       | 3 5 |  5.0
Necromancy     | 5 8 |  8.6
Dodging        | |  2.4

Action                     |  1- 3 |  4- 6 |  7- 9 | 10-12 || total
---------------------------+-------+-------+-------+-------++-------
  Melee: Dagger            |       |       |     3 |       ||     3
   Cast: Sandblast         |    19 |     1 |     3 |       ||    23
         Stone Arrow       |       |     6 |    53 |    60 ||   119
         Petrify           |       |       |     1 |       ||     1
         Borgnjor's Vile C |       |       |       |    39 ||    39
         Irradiate         |       |       |       |     2 ||     2
 Invoke: Channel Magic     |       |       |     1 |     3 ||     4
    Use: Potion            |     2 |       |     1 |     2 ||     5
   Stab: Petrified         |       |       |     3 |       ||     3
 Armour: Robe              |     1 |       |     1 |     1 ||     3
  Dodge: Dodged            |     9 |     2 |     8 |    10 ||    29
